 Dungeon Crawl Stone Soup version 0.24-a0-375-g4de66ed42b (webtiles) character file.

Game seed: 7617042952988419456

0 Gargoyl the Skirmisher (level 1, -7/19 HPs)
             Began as a Centaur Abyssal Knight on May 31, 2019.
             Was a Follower of Lugonu.
             Killed from afar by a starcursed mass (9 damage)
             ... with an accursed screaming
             ... on level 2 of the Abyss.
             The game lasted 00:00:52 (160 turns).

Gargoyl the Skirmisher (Centaur Abyssal Knight)      Turns: 160, Time: 00:00:52

Health: -7/19      AC:  4    Str: 14    XL:     1   Next: 0%
Magic:  2/2        EV:  9    Int: 11    God:    Lugonu [*.....]
Gold:   76         SH:  0    Dex:  8    Spells: 0/0 levels left

rFire    . . .     SeeInvis .   a - +1 hand axe
rCold    . . .     Gourm    .   (no shield)
rNeg     . . .     Faith    .   b - +0 leather armour
rPois    .         Spirit   .   (no helmet)
rElec    .         Reflect  .   (no cloak)
rCorr    .         Harm     .   (no gloves)
MR       .....                  (no barding)
Stlth    +.........             (no amulet)
HPRegen  0.06/turn              (no ring)
MPRegen  0.08/turn              (no ring)

@: very slow
A: large, hooves 3, deformed body, speed 2, tough skin 3
a: Depart the Abyss, Renounce Religion


You were on level 2 of the Abyss.
You worshipped Lugonu.
Lugonu was aware of your devotion.
You were not hungry.

You visited 0 branches of the dungeon, and saw 0 of its levels.
You visited the Abyss 1 time.

You collected 76 gold pieces.

Inventory:

Hand Weapons
 a - a +1 hand axe (weapon)
Armour
 b - a +0 leather armour (worn)
Wands
 d - a wand of enslavement (3)
Comestibles
 c - 2 rations


   Skills:
 + Level 3.0 Fighting
 + Level 1.7 Axes
 + Level 1.3 Armour
 + Level 0.6 Dodging
 + Level 2.0 Invocations


You couldn't memorise any spells.
You didn't know any spells.
Your spell library was empty.

Dungeon Overview and Level Annotations

Branches:
Dungeon (0/15)

Altars:


Innate Abilities, Weirdness & Mutations

You have hooves in place of feet.
Armour fits poorly on your strangely shaped body.
You cover ground very quickly.
You have extremely tough skin. (AC +3)


Message History

Okay, then.
Aiming: Enslavement
Press: ? - help, Shift-Dir - straight line, f - white imp, p - starcursed mass
Aim: a white imp (chance to defeat MR: 54%)
The white imp resists with significant effort.
The white imp gestures at you. The puff of frost hits you!
* * * LOW HITPOINT WARNING * * *
A starcursed mass splits. x2
Aiming: Enslavement
Press: ? - help, Shift-Dir - straight line, f/p - white imp
Aim: a white imp (chance to defeat MR: 54%)
The white imp is charmed.
A small abomination comes into view.
The rakshasa hits your white imp with a +0 long sword!
Your white imp dies!
You enter the shallow water.
Moving in this stuff is going to be slow.
A chorus of shrieks assaults your mind.
You die...

. .#. ##..
.#..##... . $..
### .#....X . ..
...#. .XX# #...
###...##.. .#.##
....#_..# ....#..
#. ...XX## .§... .
.##.#XX##≈.#....
#.....##≈@≈......
####.R###♣≈#..#...
.# #...#.# ..#
.... #.......##
..#. #... .##.#...
#.#.#. .. #.
#...##p##...# #. .
#.....##.....# ..
##. ....##...# #.
.## # .## ...#


You could see 4 starcursed masses.

Vanquished Creatures (others)
  A white imp (Abyss:2)
  2 starspawn tentacles (Abyss:1)
3 creatures vanquished.

Notes
Turn   | Place    | Note
-------+----------+-------------------------------------------
     0 | Abyss:1  | Gargoyl the Centaur Abyssal Knight began the quest for the
                  | Orb.
     0 | Abyss:1  | Reached XP level 1. HP: 19/19 MP: 2/2
    38 | Abyss:1  | Noticed a tentacled starspawn
    56 | Abyss:1  | Noticed a stone giant zombie
   118 | Abyss:2  | Noticed a rakshasa
   120 | Abyss:2  | Noticed a necromancer
   125 | Abyss:2  | Noticed a tentacled starspawn
   146 | Abyss:2  | Found a hide-covered altar of Uskayaw.
   147 | Abyss:2  | Noticed a starcursed mass
   158 | Abyss:2  | Noticed a small abomination
   160 | Abyss:2  | Killed from afar by a starcursed mass

Levels and vault maps discovered:
Abyss:2

Action                   || total
-------------------------++-------
Evoke: Wand              ||     8
  Use: Potion            ||     1

Table legend:
 A = Non-vault XP
 B = Vault XP
 C = Vault XP percentage of total XP
 D = Non-vault monster count
 E = Vault monster count
 F = Vault count percentage of total count
                 A         B        C        D         E       F
            +---------+---------+-------+---------+---------+-------
      Total |       0 |       0 |   N/A |       0 |       0 |  -nan
            +---------+---------+-------+---------+---------+-------
            +---------+---------+-------+---------+---------+-------
